Map: Acropolis LE

Players

Smeeeger - Winner!

  • Race: Zerg Zerg
  • League: Platinum
  • Spawn Location: 5:00

Frank

  • Race: Zerg Zerg
  • League: Platinum
  • Spawn Location: 11:00

VOD

Have the link to the VOD?

Description

Time

  • Played on: July 18, 2019, 12:42 p.m.
  • Length: 13:34
Show
View Real Time Build Order
Export as new Build Order

Smeeeger Zerg - Winner!

Build Orders: Hatch First, Roach Hydra 

Get SALT Encoding   

  12  0:01  Drone  
  13  0:16  Drone, Overlord  
  14  0:34  Drone x2  
  16  0:38  Drone  
  17  0:49  Drone  
  18  0:59  Hatchery  
  18  1:00  Drone  
  18  1:03  Extractor  
  17  1:15  Spawning Pool  
  17  1:18  Drone  
  17  1:21  Drone  
  18  1:32  Drone  
  19  1:44  Overlord  
  19  2:04  Queen  
  19  2:05  Zergling x4  
  23  2:11  Queen  
  23  2:12  Zergling x2  
  26  2:17  Metabolic Boost  
  26  2:23  Drone x2  
  28  2:34  Drone x2  
  30  2:37  Overlord  
  30  2:46  Drone, Queen  
  33  3:05  Drone x2, Roach Warren  
  33  3:06  Drone x2  
  33  3:08  Evolution Chamber  
  35  3:14  Drone  
  35  3:15  Drone x2  
  35  3:19  Drone  
  40  3:20  Drone  
  40  3:32  Overlord x2  
  40  3:43  Overlord  
  40  3:44  Hatchery  
  39  3:54  Lair  
  40  3:55  Drone  
  40  3:56  Drone x3  
  43  4:07  Roach x3  
  48  4:18  Drone  
  49  4:26  Overlord  
  49  4:27  Overlord  
  49  4:30  Roach x2  
  53  4:35  Extractor  
  53  4:36  Drone x2, Extractor  
  53  4:38  Overlord  
  53  4:39  Drone x3  
  53  4:42  Drone  
  57  4:48  Drone  
  57  4:49  Drone  
  59  5:00  Glial Reconstitution  
  59  5:04  Drone x3  
  59  5:05  Drone x3  
  59  5:06  Drone x2  
  67  5:17  Queen  
  69  5:22  Roach x5  
  79  5:38  Drone  
  79  5:39  Drone x2, Overlord  
  79  5:40  Roach  
  79  5:41  Roach x2  
  79  5:42  Drone  
  89  5:52  Zerg Missile Weapons Level 1  
  89  5:58  Drone  
  89  5:59  Drone x2  
  89  6:00  Evolution Chamber  
  89  6:03  Drone  
  92  6:06  Extractor  
  92  6:07  Extractor  
  90  6:13  Roach x4  
  90  6:18  Overlord x2  
  98  6:30  Hatchery  
  98  6:31  Zerg Ground Armor Level 1  
  97  6:34  Drone  
  97  6:35  Overlord x2  
  99  6:40  Ravager  
  99  6:52  Ravager x2  
  101  6:56  Zergling x14  
  101  7:00  Extractor  
  107  7:05  Drone x2, Hydralisk Den  
  107  7:06  Drone  
  107  7:08  Drone x4  
  112  7:09  Drone  
  112  7:13  Drone x2  
  112  7:14  Drone x2  
  106  7:44  Roach x4  
  106  7:45  Roach x10  
  119  8:05  Muscular Augments  
  107  8:07  Zerg Missile Weapons Level 2  
  107  8:11  Hydralisk  
  107  8:12  Hydralisk x4  
  110  8:15  Drone  
  110  8:16  Drone x5  
  116  8:28  Drone x4  
  116  8:30  Ravager  
  116  8:31  Ravager x3  
  116  8:33  Zergling x2  
  125  8:45  Extractor  
  124  8:48  Extractor  
  124  8:51  Drone x3  
  124  8:52  Hydralisk x3, Drone x3  
  120  9:04  Hydralisk  
  120  9:05  Hydralisk x7  
  136  9:16  Grooved Spines  
  136  9:33  Overlord x4  
  136  9:50  Queen  
  128  10:12  Hydralisk  
  128  10:13  Hydralisk x17  
  136  10:28  Hydralisk x7  
  144  10:35  Zergling x2  
  144  10:36  Zergling x8  
  143  10:45  Zergling x4  
  145  10:52  Infestation Pit, Hatchery x2  
  145  10:54  Hydralisk x4  
  150  10:57  Zerg Ground Armor Level 2  
  150  10:58  Zerg Melee Weapons Level 1  
  145  11:08  Zergling x2  
  145  11:09  Zergling x18  
  145  11:10  Queen  
  157  11:13  Queen  
  141  11:40  Zergling x14  
  141  11:41  Zergling x22  
  141  11:46  Zergling x6  
  119  12:09  Hatchery  
  119  12:14  Hive  
  112  12:16  Overseer x2  
  112  12:17  Pneumatized Carapace  
  112  12:19  Burrow  
  112  12:20  Hydralisk x17  
  112  12:21  Hydralisk x5  
  150  13:03  Extractor  
  142  13:05  Extractor  
Show
View Real Time Build Order
Export as new Build Order

Frank Zerg 

Build Orders: Hatch First, Lurkers, Roach Hydra 

Get SALT Encoding   

  12  0:01  Drone  
  13  0:13  Overlord  
  13  0:23  Drone  
  14  0:32  Drone x2  
  16  0:37  Drone  
  17  0:56  Hatchery  
  16  0:57  Drone  
  16  0:59  Drone  
  18  1:11  Extractor  
  18  1:14  Spawning Pool  
  18  1:18  Drone  
  17  1:20  Drone  
  18  1:31  Drone  
  20  1:40  Drone  
  20  1:50  Drone  
  21  2:02  Overlord  
  21  2:07  Queen  
  23  2:11  Zergling x2  
  24  2:15  Zergling x2  
  24  2:16  Metabolic Boost  
  24  2:19  Queen  
  24  2:20  Drone  
  28  2:28  Drone  
  29  2:33  Drone x2  
  31  2:45  Drone x2, Baneling Nest  
  32  2:52  Drone  
  32  2:57  Queen  
  35  3:01  Overlord  
  35  3:14  Drone  
  35  3:17  Overlord  
  35  3:18  Queen  
  38  3:24  Drone x3  
  41  3:27  Hatchery  
  41  3:29  Baneling  
  41  3:30  Baneling x2  
  41  3:34  Drone x2  
  42  3:51  Roach Warren  
  42  3:54  Evolution Chamber  
  42  3:55  Drone  
  41  3:59  Extractor  
  41  4:01  Drone x3  
  43  4:03  Drone x4  
  43  4:04  Drone  
  48  4:19  Spine Crawler  
  48  4:20  Drone, Extractor  
  48  4:22  Drone  
  48  4:24  Lair  
  48  4:33  Roach x2  
  52  4:42  Drone x2  
  52  4:45  Drone  
  55  4:46  Extractor  
  54  4:58  Overlord  
  54  4:59  Overlord  
  54  5:00  Zerg Missile Weapons Level 1  
  54  5:04  Pneumatized Carapace  
  54  5:17  Drone  
  54  5:18  Drone x9  
  64  5:24  Overseer  
  64  5:45  Extractor  
  64  5:46  Drone  
  64  5:47  Drone x2  
  64  5:48  Extractor  
  65  5:51  Drone  
  65  5:53  Overlord x4  
  66  6:05  Glial Reconstitution  
  66  6:14  Drone x3, Overlord, Hydralisk Den  
  66  6:15  Overlord  
  66  6:18  Hatchery  
  67  6:41  Drone, Evolution Chamber  
  67  6:42  Drone x6  
  73  6:48  Roach  
  73  6:49  Roach x4  
  83  6:59  Roach  
  83  7:00  Roach x3  
  91  7:07  Zerg Missile Weapons Level 2  
  91  7:08  Zerg Ground Armor Level 1  
  91  7:13  Grooved Spines, Hydralisk  
  91  7:14  Hydralisk x3  
  91  7:31  Roach x7  
  92  7:54  Hydralisk x2, Roach  
  92  7:55  Hydralisk x6  
  95  8:07  Drone x2  
  95  8:08  Drone  
  98  8:16  Hydralisk  
  98  8:17  Hydralisk x3  
  106  8:24  Muscular Augments  
  106  8:25  Hatchery  
  99  8:50  Roach x3  
  99  8:52  Overlord x2  
  99  8:53  Overlord x3  
  87  9:05  Roach  
  87  9:06  Roach x6  
  95  9:12  Drone x2  
  97  9:22  Drone, Lurker Den  
  97  9:23  Drone x3  
  100  9:26  Overseer  
  100  9:34  Drone  
  100  9:35  Drone x3  
  104  9:44  Roach x5  
  114  10:05  Hatchery  
  93  10:19  Drone x11  
  84  10:39  Zerg Ground Armor Level 2  
  84  10:42  Hatchery  
  81  10:43  Drone  
  81  10:44  Drone x8  
  74  11:13  Roach  
  74  11:14  Roach x9  
  90  11:18  Hatchery  
  89  11:38  Roach  
  89  11:39  Roach x8  
  58  11:55  Hydralisk x5  
  51  12:19  Drone  
  51  12:20  Drone x10  
  57  12:30  Roach  
  57  12:31  Roach  
  58  12:43  Drone x3  
  61  12:44  Drone x2  
  61  12:48  Lurker x3  
  61  12:49  Lurker  
  67  12:52  Drone  
  67  12:53  Drone x6  
  72  13:17  Extractor  
  72  13:18  Extractor  
Tags
 
Add a new tag
Caveats
  • Supply blocks, unpowered buildings, or Contaminate may cause inaccurate times.
  • Supply counts are checked every 10 seconds.